[Event "December 5 Late 2023"]
[Site "https://www.chess.com"]
[Date "2023.12.05"]
[Round "4"]
[White "Curtis, John"]
[Black "Ladan, Nicholas"]
[Result "0-1"]
[Board "142"]
[TimeControl "180+1"]
[WhiteFideId "3200256"]
[BlackFideId "30918855"]
[WhiteElo "2211"]
[BlackElo "2472"]
[WhiteTeam "AUS"]
[BlackTeam "USA"]
[WhiteClock "0:00:00"]
[BlackClock "0:00:03"]

1. e4 e5 2. Nf3 Nc6 3. Bb5 a6 4. Ba4 g6 5. O-O Bg7 6. c3 d6 7. d4 b5 8. Bb3 exd4 9. cxd4 Na5 10. Bc2 Ne7 11. h3 O-O 12. Nbd2 c5 13. Nb3 Nb7 14. a4 Be6 15. d5 Bd7 16. Re1 bxa4 17. Nbd2 f5 18. Bxa4 fxe4 19. Bxd7 Qxd7 20. Nxe4 Rf5 21. Qb3 Kh8 22. Ng3 Rff8 23. Bg5 Nf5 24. Nxf5 Qxf5 25. Qxb7 Rab8 26. Qe7 Rxb2 27. Qxd6 Bd4 28. Be3 Bc3 29. Rec1 Rb3 30. Rxc3 Rxc3 31. Ng5 h6 32. Ne6 Rxe3 0-1

[Event "December 5 Late 2023"]
[Site "https://www.chess.com"]
[Date "2023.12.05"]
[Round "4"]
[White "Keller, Peter"]
[Black "Mizzi, Jack"]
[Result "1-0"]
[Board "143"]
[TimeControl "180+1"]
[WhiteFideId "1272105"]
[BlackFideId "5602521"]
[WhiteElo "2179"]
[BlackElo "2464"]
[WhiteTeam "GER"]
[BlackTeam "MLT"]
[WhiteClock "0:00:12"]
[BlackClock "0:00:00"]

1. d4 Nf6 2. Bf4 g6 3. e3 Bg7 4. h3 O-O 5. Nf3 d6 6. Bh2 Nbd7 7. Be2 Re8 8. O-O e5 9. c3 b6 10. Nbd2 Bb7 11. a4 c5 12. Nc4 Ne4 13. Nfd2 exd4 14. Nxe4 Bxe4 15. Nxd6 dxc3 16. Nxe8 Qxe8 17. bxc3 Bxc3 18. Rc1 Be5 19. Bb5 Rd8 20. Qd2 Bxh2+ 21. Kxh2 Qe5+ 22. f4 Qe7 23. Rcd1 a6 24. Bxd7 Bf5 25. Qd6 Rxd7 26. Qxb6 Rxd1 27. Rxd1 Qxe3 28. Qb8+ Kg7 29. Qe5+ Qxe5 30. fxe5 c4 31. Rd6 a5 32. Rc6 Bd3 33. Kg3 Kf8 34. Kf4 Ke7 35. Ke3 Bf1 36. g3 Kd7 37. Rc5 Ke6 38. h4 h5 39. Kd4 Kf5 40. Ke3 Kg4 41. Kf2 Bd3 42. Rxa5 Kf5 43. Rc5 Ke4 44. a5 Kd4 45. Rc7 c3 46. a6 Bxa6 47. Rxf7 c2 48. Rd7+ Kc5 49. Rc7+ Kb4 50. Rxc2 Bd3 51. Rd2 Kc3 52. Ke3 Bf5 53. Rd6 Kc4 54. Kf4 Kc5 55. Kg5 Be4 56. Kf6 Bc2 57. Rd2 Be4 58. e6 Kc6 59. e7 1-0

[Event "December 5 Late 2023"]
[Site "https://www.chess.com"]
[Date "2023.12.05"]
[Round "4"]
[White "Sroczynski, Maciej"]
[Black "Estevez Polanco, Leonardo Rafael"]
[Result "1-0"]
[Board "144"]
[TimeControl "180+1"]
[WhiteFideId "1121472"]
[BlackFideId "6402798"]
[WhiteElo "2464"]
[BlackElo "2151"]
[WhiteTeam "POL"]
[BlackTeam "DOM"]
[WhiteClock "0:00:30"]
[BlackClock "0:00:05"]

1. Nf3 Nf6 2. g3 e6 3. Bg2 Be7 4. d3 O-O 5. e4 d6 6. O-O e5 7. Nc3 h6 8. d4 Nbd7 9. h3 c6 10. a4 Nh7 11. Be3 Bf6 12. Re1 Ng5 13. Nh2 exd4 14. Bxd4 Bxd4 15. Qxd4 Ne5 16. f4 Nxh3+ 17. Bxh3 c5 18. Qf2 Bxh3 19. fxe5 dxe5 20. g4 h5 21. gxh5 Qg5+ 22. Kh1 Qxh5 23. Rg1 Be6 24. Qg3 g6 25. Rad1 Rfd8 26. Nd5 Bxd5 27. exd5 Rd6 28. c4 a6 29. Rde1 Re8 30. a5 Rdd8 31. Re3 Kg7 32. Rge1 f6 33. Kg2 Rh8 34. Ng4 Rdf8 35. Nxe5 fxe5 36. Rxe5 Rf5 37. Re7+ Rf7 38. Rxf7+ Kxf7 39. Qc7+ Kf6 40. Qe7+ Kf5 41. Rf1+ Kg4 42. Qe4+ Kg5 43. Qe3+ Kg4 44. Rf4+ Kg5 45. Re4+ Kf6 46. Re6+ Kg7 47. Re7+ Kg8 48. Qe6+ Kf8 49. Qf7# 1-0

[Event "December 5 Late 2023"]
[Site "https://www.chess.com"]
[Date "2023.12.05"]
[Round "4"]
[White "Novikova, Margarita"]
[Black "Shton, Roman"]
[Result "0-1"]
[Board "145"]
[TimeControl "180+1"]
[WhiteFideId "14109689"]
[BlackFideId "14137461"]
[WhiteElo "2129"]
[BlackElo "2458"]
[WhiteTeam "GER"]
[BlackTeam "UKR"]
[WhiteClock "0:00:00"]
[BlackClock "0:00:09"]

1. d4 Nf6 2. Bf4 c5 3. c3 Nd5 4. Bg3 Qb6 5. Qb3 Qxb3 6. axb3 cxd4 7. cxd4 Nc6 8. e3 d6 9. Nc3 Ndb4 10. O-O-O d5 11. Nf3 Bf5 12. Ne5 a6 13. f3 f6 14. Nd3 e6 15. Bf2 Rc8 16. e4 dxe4 17. fxe4 Bg4 18. Re1 Bh5 19. d5 Nxd3+ 20. Bxd3 Nb4 21. Bb1 Kf7 22. Kd2 Bd6 23. Be3 Be5 24. dxe6+ Kxe6 25. Nd5 Rhd8 26. Bb6 Nxd5 27. Bxd8 Bf4+ 28. Kd3 Nb4+ 29. Kd4 Rxd8+ 30. Kc5 Nd3+ 31. Bxd3 Rxd3 32. b4 Be3+ 33. Kc4 Rd4+ 34. Kc3 Rxe4 35. h3 Bd4+ 36. Kc4 Rxe1 37. Rxe1+ Be5 38. g4 Bf7 39. Kc5 Kd7 40. Kb6 Kc8 41. Rc1+ Kd7 42. Kxb7 Bxb2 43. Rc7+ Ke6 44. Kxa6 Bg6 45. Rxg7 Bd3+ 46. b5 f5 47. gxf5+ Bxf5 48. Rg2 Bc3 49. Re2+ Kd5 50. b6 Bd3+ 51. Ka7 Bxe2 52. b7 Be5 53. b8=Q Bxb8+ 54. Kxb8 h5 55. Kc7 h4 0-1

[Event "December 5 Late 2023"]
[Site "https://www.chess.com"]
[Date "2023.12.05"]
[Round "4"]
[White "Jesusesmifuerza"]
[Black "Wanyama, Harold"]
[Result "0-1"]
[Board "146"]
[TimeControl "180+1"]
[BlackFideId "10000380"]
[WhiteElo "2125"]
[BlackElo "2457"]
[BlackTeam "UGA"]
[WhiteClock "0:00:02"]
[BlackClock "0:00:31"]

1. e4 c5 2. Nf3 e6 3. d4 cxd4 4. Nxd4 Nc6 5. Nc3 Qc7 6. a3 Nf6 7. Be3 a6 8. Be2 b5 9. O-O Bb7 10. f4 d6 11. Qd2 Rc8 12. Rad1 Be7 13. Bf3 Na5 14. Qc1 Nc4 15. e5 dxe5 16. Bxb7 Qxb7 17. fxe5 Nxe5 18. Nb3 Nc4 19. Bf2 O-O 20. Kh1 Nxa3 21. bxa3 Rxc3 22. Bd4 Rcc8 23. Qg5 h6 24. Qg3 Kh8 25. Rxf6 Bxf6 26. Bxf6 gxf6 27. Qf4 Kg7 28. Rd3 Rg8 29. Rg3+ Kh7 30. Nd4 Qe7 31. Qe4+ Rg6 32. Nf5 Qf8 33. Nh4 f5 34. Nxg6 fxe4 35. Nxf8+ Rxf8 36. Rc3 Rd8 37. Kg1 Rd6 38. Kf2 f5 39. Ke3 Kg6 40. Kf4 Kf6 41. Rc5 Rd2 42. Kg3 e5 43. Rc6+ Kg5 44. h4+ Kh5 45. Kh3 Re2 46. Rf6 Re3+ 47. g3 f4 48. Rf5+ Kg6 49. Rxe5 Rxg3+ 50. Kh2 e3 51. h5+ Kf6 52. Re8 Rf3 53. Ra8 e2 54. Rxa6+ Kf5 0-1

[Event "December 5 Late 2023"]
[Site "https://www.chess.com"]
[Date "2023.12.05"]
[Round "4"]
[White "Negron Lizarazo, Juan Sebastian"]
[Black "Rios Escobar, Adan"]
[Result "0-1"]
[Board "147"]
[TimeControl "180+1"]
[WhiteFideId "3936910"]
[BlackFideId "3403645"]
[WhiteElo "2101"]
[BlackElo "2451"]
[WhiteTeam "COL"]
[BlackTeam "CHI"]
[WhiteClock "0:00:21"]
[BlackClock "0:00:16"]

1. e4 c6 2. d4 d5 3. e5 Bf5 4. Nf3 e6 5. Be2 c5 6. c3 Nd7 7. O-O Ne7 8. Bg5 h6 9. Bh4 Qb6 10. b3 Nc6 11. a3 g5 12. Bg3 g4 13. Nh4 cxd4 14. Nxf5 exf5 15. cxd4 Qxd4 16. Nd2 Ndxe5 17. b4 Bg7 18. Qc2 f4 19. Nb3 Qe4 20. Qxe4 dxe4 21. Bxf4 Nd3 22. Bxd3 Bxa1 23. Bxe4 Bf6 24. Nc5 O-O 25. Nxb7 Ne5 26. Nc5 Rad8 27. Bxh6 Bg7 28. Bg5 Rd4 29. Be3 Rc4 30. Bd5 Rc3 31. Bd4 Nf3+ 32. gxf3 Bxd4 33. fxg4 Bxc5 34. bxc5 Rxc5 35. Bg2 Rc3 36. h4 Rxa3 37. Kh2 a5 38. f3 Rd8 39. Kg3 Rd2 40. h5 Raa2 41. Rg1 Rxg2+ 42. Rxg2 Rxg2+ 43. Kxg2 a4 44. g5 a3 45. g6 fxg6 46. hxg6 Kg7 47. f4 Kxg6 48. Kf3 a2 49. Ke4 a1=Q 50. f5+ Kf6 0-1

[Event "December 5 Late 2023"]
[Site "https://www.chess.com"]
[Date "2023.12.05"]
[Round "4"]
[White "Ghosh, Chanchal Kumer"]
[Black "Nadeev, Sergey"]
[Result "0-1"]
[Board "148"]
[TimeControl "180+1"]
[WhiteFideId "10201858"]
[BlackFideId "4180038"]
[WhiteElo "2096"]
[BlackElo "2451"]
[WhiteTeam "BAN"]
[BlackTeam "RUS"]
[WhiteClock "0:00:03"]
[BlackClock "0:01:12"]

1. e4 e5 2. Nf3 Nc6 3. Bc4 Nf6 4. Ng5 d5 5. exd5 Na5 6. Bb5+ c6 7. dxc6 bxc6 8. Qf3 Rb8 9. Bxc6+ Nxc6 10. Qxc6+ Nd7 11. d4 Be7 12. Nf3 Rb6 13. Qa4 exd4 14. O-O Bb7 15. Nxd4 Rb4 16. Qxa7 Bc5 17. Re1+ Kf8 18. Bd2 Bxa7 19. Bxb4+ Bc5 20. Bxc5+ Nxc5 21. c3 Qg5 22. f3 Nd3 23. Rf1 Qe3+ 24. Kh1 Nf2+ 0-1

[Event "December 5 Late 2023"]
[Site "https://www.chess.com"]
[Date "2023.12.05"]
[Round "4"]
[White "Liu, Casper"]
[Black "De Souza, Arthur Olintho"]
[Result "1-0"]
[Board "149"]
[TimeControl "180+1"]
[WhiteFideId "1454153"]
[BlackFideId "2116200"]
[WhiteElo "2450"]
[BlackElo "2040"]
[WhiteTeam "DEN"]
[BlackTeam "BRA"]
[WhiteClock "0:02:54"]
[BlackClock "0:02:35"]

1. d4 Nf6 2. Bf4 g6 3. Nc3 Bg7 4. e4 O-O 5. Qd2 d5 6. e5 Ne4 7. Nxe4 dxe4 8. O-O-O Nc6 9. Bh6 Be6 10. Bxg7 Kxg7 11. d5 1-0

[Event "December 5 Late 2023"]
[Site "https://www.chess.com"]
[Date "2023.12.05"]
[Round "4"]
[White "Filipovic, Slobodan J"]
[Black "Aung Thant Zin"]
[Result "1-0"]
[Board "150"]
[TimeControl "180+1"]
[WhiteFideId "939633"]
[BlackFideId "13000063"]
[WhiteElo "2443"]
[BlackElo "2038"]
[WhiteTeam "SRB"]
[BlackTeam "MYA"]
[WhiteClock "0:01:09"]
[BlackClock "0:01:13"]

1. c4 e5 2. Nc3 Nf6 3. d3 d5 4. cxd5 Nxd5 5. e4 Nb6 6. Nf3 Nc6 7. a4 a5 8. Be3 Be7 9. d4 exd4 10. Nxd4 Nxd4 11. Bxd4 O-O 12. Be2 Be6 13. O-O Nc4 14. b3 Nd6 15. f4 f6 16. Qc2 Qe8 17. Bf3 c6 18. Rad1 Qf7 19. Rb1 Rac8 20. Bb6 Bd8 21. Bc5 Be7 22. Rfd1 Ne8 23. Bb6 Bb4 24. Na2 Qe7 25. Nxb4 axb4 26. Bc5 Qf7 27. f5 Bd7 28. Bxf8 Kxf8 29. Qc5+ Qe7 30. Rbc1 Qxc5+ 31. Rxc5 Ke7 32. Rc4 Nc7 33. Rxb4 Be8 34. Rxb7 1-0

[Event "December 5 Late 2023"]
[Site "https://www.chess.com"]
[Date "2023.12.05"]
[Round "4"]
[White "DCacheiro"]
[Black "Bongo Akanga Ndjila, Barthelemy"]
[Result "1-0"]
[Board "151"]
[TimeControl "180+1"]
[BlackFideId "10609431"]
[WhiteElo "2441"]
[BlackElo "2027"]
[BlackTeam "GAB"]
[WhiteClock "0:02:16"]
[BlackClock "0:01:33"]

1. e4 e6 2. d4 d5 3. Nc3 Bb4 4. e5 c5 5. a3 Bxc3+ 6. bxc3 Qa5 7. Bd2 Qa4 8. Rb1 c4 9. Be2 Nc6 10. Bh5 Nge7 11. Ne2 g6 12. Bg4 h5 13. Bh3 Bd7 14. O-O O-O-O 15. Qc1 Nf5 16. Bxf5 gxf5 17. Bg5 Rdg8 18. Bf6 Rh7 19. h4 Rg6 20. Nf4 Rg8 21. Nh3 Rg6 22. Ng5 Rhh6 23. Nxf7 Rh7 24. Nd6+ Kc7 25. Rxb7# 1-0

[Event "December 5 Late 2023"]
[Site "https://www.chess.com"]
[Date "2023.12.05"]
[Round "4"]
[White "Monteiro, Luis Felipe Furtado"]
[Black "Nilsson, Joakim"]
[Result "1-0"]
[Board "152"]
[TimeControl "180+1"]
[WhiteFideId "22702806"]
[BlackFideId "1723383"]
[WhiteElo "2026"]
[BlackElo "2428"]
[WhiteTeam "BRA"]
[BlackTeam "SWE"]
[WhiteClock "0:00:23"]
[BlackClock "0:01:16"]

1. d4 c6 2. c4 d5 3. Nc3 Nf6 4. Nf3 g6 5. e3 Bg7 6. cxd5 cxd5 7. Be2 O-O 8. O-O Nc6 9. h3 a6 10. a3 Bd7 11. b4 Rc8 12. Bb2 Na7 13. Rc1 Nb5 14. Na4 Rxc1 15. Bxc1 Ne4 16. Bxb5 Bxb5 17. Re1 Bxa4 18. Qxa4 Qc7 19. Bb2 Rc8 20. Rc1 Qd8 21. Qd1 e6 22. Nd2 Nxd2 23. Qxd2 Rc7 24. Rxc7 Qxc7 25. Qc3 Qxc3 26. Bxc3 Kf8 27. a4 Ke8 28. Kf1 Bf8 29. Ke2 Kd7 30. Kd3 Kc6 31. Kc2 Bd6 32. Kb3 f6 33. f3 e5 34. dxe5 fxe5 35. Kc2 Bb8 36. Kd3 Kd6 37. Be1 Ke6 38. Bc3 Bd6 39. g4 h5 40. Be1 Be7 41. f4 Bd6 42. fxe5 Bxe5 43. Bh4 Bd6 44. b5 Bc5 45. Bg3 Bb6 46. Bf4 Kf6 47. gxh5 gxh5 48. e4 Ke6 49. bxa6 bxa6 50. Bb8 Bf2 51. Bf4 h4 52. Bc7 Bc5 53. Bd8 Bf2 54. Bc7 Be1 55. Bd8 Bb4 56. Bxh4 Bf8 57. Bd8 Bh6 58. h4 Bf8 59. Bg5 Bg7 60. h5 Ba1 61. Be3 Bg7 62. h6 Bf6 63. h7 dxe4+ 64. Kxe4 Kf7 65. Bd4 Bxd4 66. Kxd4 Kg7 67. Kc5 Kxh7 68. Kb6 Kg8 69. Kxa6 Kf8 70. Kb7 Ke8 71. a5 Kd8 72. a6 1-0

[Event "December 5 Late 2023"]
[Site "https://www.chess.com"]
[Date "2023.12.05"]
[Round "4"]
[White "Cornelison, Paul"]
[Black "Lopusiewicz, Piotr"]
[Result "0-1"]
[Board "153"]
[TimeControl "180+1"]
[WhiteFideId "2004186"]
[BlackFideId "1116029"]
[WhiteElo "1899"]
[BlackElo "2422"]
[WhiteTeam "USA"]
[BlackTeam "POL"]
[WhiteClock "0:00:08"]
[BlackClock "0:00:16"]

1. e4 e5 2. Nf3 Nc6 3. Bc4 Nf6 4. d3 Bc5 5. Bb3 d6 6. c3 a5 7. a4 h6 8. Nbd2 O-O 9. h3 Be6 10. Bc2 d5 11. Qe2 Re8 12. Nf1 dxe4 13. dxe4 Nd7 14. Be3 Qe7 15. Rd1 Nb6 16. b3 Rad8 17. N1d2 Nd7 18. O-O Nf8 19. Nc4 Bxc4 20. Qxc4 Bxe3 21. fxe3 Rxd1 22. Bxd1 Nd7 23. Nh2 Qe6 24. Qb5 Nb6 25. Bh5 g6 26. Bg4 Qe7 27. Qe2 Qc5 28. Qf3 Qe7 29. h4 h5 30. Bh3 Rf8 31. g3 Nd8 32. Qf6 Qxf6 33. Rxf6 Kg7 34. Rf2 Re8 35. Nf3 f6 36. Rd2 Ne6 37. Kf2 Nc5 38. b4 Nxe4+ 39. Ke2 Nxd2 40. Kxd2 axb4 41. cxb4 Nxa4 42. Kc2 Nb6 43. Kb3 Rd8 44. b5 f5 45. Bf1 e4 46. Nd4 Rd6 47. Be2 Kf6 48. Kb4 Nd5+ 49. Kc5 Nxe3 50. Nb3 Rd5+ 51. Kb4 b6 52. Bf1 Nxf1 0-1

[Event "December 5 Late 2023"]
[Site "https://www.chess.com"]
[Date "2023.12.05"]
[Round "4"]
[White "Balla, Tamas-Kristof"]
[Black "Play, Gilles"]
[Result "0-1"]
[Board "154"]
[TimeControl "180+1"]
[WhiteFideId "1208497"]
[BlackFideId "45130892"]
[WhiteElo "2411"]
[BlackElo "2418"]
[WhiteTeam "ROU"]
[BlackTeam "FRA"]
[WhiteClock "0:00:26"]
[BlackClock "0:01:30"]

1. e4 e6 2. d4 d5 3. Nd2 g6 4. e5 Bg7 5. f4 c5 6. c3 cxd4 7. cxd4 Nc6 8. Ngf3 Qb6 9. Nb3 a5 10. Bd3 a4 11. Nc5 Nxd4 12. Nxd4 Qxc5 13. Be3 Qb4+ 14. Kf1 Bd7 15. a3 Qe7 16. Nb5 Bxb5 17. Bxb5+ Kf8 18. Rc1 Qh4 19. Rc7 Ne7 20. Qd4 Nf5 21. Qc5+ Kg8 22. Bf2 Qxf4 23. Rxb7 Bxe5 24. Bd3 Bd4 25. Qc2 Ne3+ 0-1

[Event "December 5 Late 2023"]
[Site "https://www.chess.com"]
[Date "2023.12.05"]
[Round "4"]
[White "Dilmukhametov, Artur"]
[Black "Vargas, Mauricio"]
[Result "1-0"]
[Board "155"]
[TimeControl "180+1"]
[WhiteFideId "24179922"]
[BlackFideId "4404572"]
[WhiteElo "2476"]
[BlackElo "1830"]
[WhiteTeam "RUS"]
[BlackTeam "COL"]
[WhiteClock "0:00:45"]
[BlackClock "0:00:00"]

1. e4 d5 2. Nf3 dxe4 3. Ng5 Nf6 4. d3 exd3 5. Bxd3 Bg4 6. f3 Bh5 7. O-O c6 8. Nc3 Nbd7 9. Bf4 e6 10. Qe1 Bc5+ 11. Kh1 O-O 12. Nce4 Bb6 13. Rd1 e5 14. Bg3 h6 15. Nxf6+ Qxf6 16. Ne4 Qe7 17. Bh4 g5 18. Bg3 f5 19. Nc3 Rae8 20. Bc4+ Kh7 21. Qd2 Nf6 22. Rfe1 f4 23. Bf2 Bxf2 24. Qxf2 g4 25. Bd3+ Kg7 26. Ne4 gxf3 27. gxf3 Kh8 28. Rg1 Rg8 29. Nxf6 Qxf6 30. Bc4 Rg7 31. Rxg7 Qxg7 32. Rg1 Qf6 33. Bb3 Rd8 34. c3 Qh4 35. Qxh4 1-0

[Event "December 5 Late 2023"]
[Site "https://www.chess.com"]
[Date "2023.12.05"]
[Round "4"]
[White "Matrix3x3a"]
[Black "Burke, Paul"]
[Result "1-0"]
[Board "156"]
[TimeControl "180+1"]
[BlackFideId "2605767"]
[WhiteElo "2438"]
[BlackElo "1810"]
[BlackTeam "CAN"]
[WhiteClock "0:01:20"]
[BlackClock "0:00:46"]

1. d4 a6 2. e4 d6 3. c4 g6 4. Nc3 Bg7 5. Be3 h6 6. Be2 Nd7 7. f4 e6 8. Nf3 Ne7 9. O-O O-O 10. Qd2 Kh7 11. Kh1 Nf6 12. Bd3 Ng4 13. Bg1 f5 14. Rfe1 fxe4 15. Nxe4 Nf6 16. Ng3 Nf5 17. Nxf5 exf5 18. Qc2 Bd7 19. d5 Re8 20. Nd4 Ne4 21. Bxe4 fxe4 22. Rxe4 Bf5 23. Nxf5 gxf5 24. Rxe8 Qxe8 25. Qxf5+ Kh8 26. Qc2 Qh5 27. Re1 Rf8 28. g3 Qf3+ 29. Qg2 Qd3 30. Qe2 Qg6 31. b3 Rf7 32. Qe4 Qh5 33. Qd3 Qg4 34. Re8+ Rf8 35. Rxf8+ Bxf8 36. Bd4+ Kg8 37. Kg2 Be7 38. h3 Qh5 39. g4 Qf7 40. Qe4 1-0

[Event "December 5 Late 2023"]
[Site "https://www.chess.com"]
[Date "2023.12.05"]
[Round "4"]
[White "Fernandez Hernandez, Gerardo"]
[Black "Degtiarev, Evgeny"]
[Result "1-0"]
[Board "157"]
[TimeControl "180+1"]
[WhiteFideId "2207400"]
[BlackFideId "4149610"]
[WhiteElo "2204"]
[BlackElo "2350"]
[WhiteTeam "ESP"]
[BlackTeam "GER"]
[WhiteClock "0:00:10"]
[BlackClock "0:00:00"]

1. e4 e5 2. Nf3 Nc6 3. d4 exd4 4. Bc4 Bc5 5. c3 Nf6 6. e5 d5 7. Bb5 Ne4 8. cxd4 Bb6 9. Nc3 O-O 10. O-O h6 11. Be3 Be6 12. Rc1 Ne7 13. Bd3 Nxc3 14. bxc3 Bf5 15. Ne1 Rc8 16. f4 Qd7 17. h3 c5 18. g4 cxd4 19. Bxd4 Bxd4+ 20. cxd4 Rxc1 21. Qxc1 Bxg4 22. hxg4 Qxg4+ 23. Ng2 Rc8 24. Qd1 Qh3 25. Qf3 Qxf3 26. Rxf3 Nc6 27. Bf5 Rd8 28. Rd3 g6 29. Bg4 h5 30. Bf3 Nb4 31. Rd2 Rc8 32. Ne3 Rc3 33. Kf2 Nd3+ 34. Kg3 h4+ 35. Kxh4 Nxf4 36. Nxd5 Rxf3 37. Kg4 Rd3 38. Rxd3 Nxd3 39. Nf6+ Kg7 40. Kf3 Nb4 41. a3 Nc6 42. Ke4 g5 43. d5 Nd8 44. d6 Kg6 45. Kd5 Kf5 46. Ne4 1-0

[Event "December 5 Late 2023"]
[Site "https://www.chess.com"]
[Date "2023.12.05"]
[Round "4"]
[White "Stevens, Matthew"]
[Black "Gumugama"]
[Result "1-0"]
[Board "158"]
[TimeControl "180+1"]
[WhiteFideId "2067633"]
[WhiteElo "2341"]
[BlackElo "2179"]
[WhiteTeam "USA"]
[WhiteClock "0:00:56"]
[BlackClock "0:00:17"]

1. d4 Nf6 2. Nf3 g6 3. b3 Bg7 4. Bb2 O-O 5. g3 d5 6. Bg2 Nbd7 7. O-O c5 8. Nbd2 b6 9. c4 Bb7 10. Qc2 Rc8 11. Rfd1 cxd4 12. Nxd4 Ba6 13. Rac1 e5 14. N4f3 d4 15. Ne4 Qe7 16. Nxf6+ Nxf6 17. e3 dxe3 18. fxe3 Ng4 19. Qe2 Bh6 20. Rc3 Qc5 21. Rd5 Qe7 22. h3 Nxe3 23. Rxe3 Bxe3+ 24. Qxe3 f6 25. Nd2 Bb7 26. Rd3 Bxg2 27. Kxg2 Rfd8 28. Ne4 Rxd3 29. Qxd3 Rd8 30. Qe3 Kg7 31. Nc3 Qc5 32. Qxc5 bxc5 33. Nd5 Kf7 34. Ba3 Rc8 35. Kf3 Ke6 36. Nc3 f5 37. Na4 e4+ 38. Ke3 g5 39. Nxc5+ Kf6 40. g4 f4+ 41. Kxe4 Re8+ 42. Kd4 Re3 43. Ne4+ Kg6 44. c5 Rxh3 45. c6 1-0

[Event "December 5 Late 2023"]
[Site "https://www.chess.com"]
[Date "2023.12.05"]
[Round "4"]
[White "Travadon, Loic"]
[Black "Gerbelli Neto, Eduardo"]
[Result "0-1"]
[Board "159"]
[TimeControl "180+1"]
[WhiteFideId "26092131"]
[BlackFideId "2103281"]
[WhiteElo "2146"]
[BlackElo "2323"]
[WhiteTeam "FRA"]
[BlackTeam "BRA"]
[WhiteClock "0:00:27"]
[BlackClock "0:00:18"]

1. e4 e5 2. Nc3 Nf6 3. g3 Nc6 4. Bg2 Bc5 5. Nge2 d6 6. d3 O-O 7. Na4 Bb6 8. O-O Bg4 9. c3 Qd7 10. Nxb6 axb6 11. f3 Bh3 12. f4 Bxg2 13. Kxg2 d5 14. Qc2 Rfd8 15. fxe5 Nxe5 16. d4 Nc4 17. e5 Ne4 18. b3 Na5 19. Nf4 c5 20. Be3 Rac8 21. Rac1 Nc6 22. Qd3 cxd4 23. cxd4 Nb4 24. Qe2 Rxc1 25. Bxc1 Rc8 26. Kh1 Rc2 27. Qh5 g6 28. Qh4 Nxa2 29. e6 fxe6 30. Nxe6 Nf2+ 31. Kg1 Qxe6 32. Rxf2 Rxc1+ 33. Kg2 Qe4+ 34. Qxe4 dxe4 35. Rxa2 Rd1 36. Ra8+ Kg7 37. Rb8 Rxd4 38. Rxb7+ Kf6 39. Rxb6+ Kf5 40. Kf2 Rd2+ 41. Ke3 Rxh2 42. Rb5+ Kg4 43. Kxe4 Kxg3 44. Rb7 h5 45. b4 g5 46. b5 Rb2 47. b6 g4 48. Rb8 h4 49. Ke3 h3 50. b7 h2 0-1

[Event "December 5 Late 2023"]
[Site "https://www.chess.com"]
[Date "2023.12.05"]
[Round "4"]
[White "Teumer, Joerg, Dr."]
[Black "Biliy, Vadim"]
[Result "1-0"]
[Board "160"]
[TimeControl "180+1"]
[WhiteFideId "4643526"]
[BlackFideId "14114127"]
[WhiteElo "2112"]
[BlackElo "2315"]
[WhiteTeam "GER"]
[BlackTeam "UKR"]
[WhiteClock "0:00:19"]
[BlackClock "0:00:00"]

1. d4 c5 2. c3 cxd4 3. cxd4 Nf6 4. Nf3 b6 5. Bg5 Ne4 6. Bf4 Bb7 7. e3 e6 8. Bd3 Bb4+ 9. Nbd2 Nxd2 10. Nxd2 g5 11. Be5 f6 12. Qh5+ Ke7 13. Bg3 Bxg2 14. Rg1 Bb7 15. a3 Bxd2+ 16. Kxd2 Qe8 17. Qh6 Qf8 18. Qh3 h5 19. f4 h4 20. Be1 Qh6 21. fxg5 fxg5 22. Qg4 Rg8 23. Bxh4 gxh4 24. Qxg8 Nc6 25. Qg5+ Qxg5 26. Rxg5 Rf8 27. Rf1 Rh8 28. Be4 Kd6 29. Rf4 Ba6 30. Bxc6 Kxc6 31. Rgg4 h3 32. Rg3 Bc4 33. e4 d5 34. e5 a5 35. Rf6 Re8 36. Rgg6 Kd7 37. Rg7+ Kc6 38. Kc3 Be2 39. Rgg6 Kd7 40. Rg7+ Kc6 41. b3 Bd1 42. Rff7 a4 43. b4 Kb5 44. Kd2 Bh5 45. Rf6 Kc6 46. Rh7 Bg4 47. Rh4 Bf5 48. Rhh6 Kb5 49. Rf7 Kc4 50. Rc7+ Kxd4 51. Rb7 Kxe5 52. Rxb6 d4 53. Rc6 Rg8 54. Rh4 Rg2+ 55. Ke1 1-0

[Event "December 5 Late 2023"]
[Site "https://www.chess.com"]
[Date "2023.12.05"]
[Round "4"]
[White "Bhandari, Krish"]
[Black "Sarkar, Justin"]
[Result "0-1"]
[Board "161"]
[TimeControl "180+1"]
[WhiteFideId "30955106"]
[BlackFideId "2010011"]
[WhiteElo "2111"]
[BlackElo "2285"]
[WhiteTeam "USA"]
[BlackTeam "USA"]
[WhiteClock "0:00:09"]
[BlackClock "0:00:30"]

1. Nf3 Nf6 2. b3 a5 3. Bb2 a4 4. g3 b6 5. Bg2 Bb7 6. O-O e6 7. Nc3 a3 8. Bc1 Bb4 9. Nb1 O-O 10. c3 Be7 11. b4 c5 12. Bxa3 cxb4 13. Bxb4 Nc6 14. Bxe7 Qxe7 15. d3 Na5 16. Nbd2 Rfc8 17. c4 d5 18. cxd5 Nxd5 19. Nb3 Nc3 20. Qd2 Qa3 21. Nxa5 Rxa5 22. Rac1 Rac5 23. Ra1 h6 24. Nd4 Bxg2 25. Kxg2 b5 26. Nc2 Qa8+ 27. f3 Nxe2 28. Ne3 Nd4 29. Rac1 Rxc1 30. Rxc1 Qxf3+ 31. Kh3 Rxc1 32. Qxc1 Ne2 33. Qd2 Ng1+ 34. Kh4 g5# 0-1

[Event "December 5 Late 2023"]
[Site "https://www.chess.com"]
[Date "2023.12.05"]
[Round "4"]
[White "Cardozo Munar, Carlos Eduardo"]
[Black "Calcada, Lucas Galvan"]
[Result "1-0"]
[Board "162"]
[TimeControl "180+1"]
[WhiteFideId "4409477"]
[BlackFideId "22746099"]
[WhiteElo "2269"]
[BlackElo "1983"]
[WhiteTeam "COL"]
[BlackTeam "BRA"]
[WhiteClock "0:01:11"]
[BlackClock "0:00:13"]

1. d4 Nf6 2. Bg5 e6 3. e4 Be7 4. Nd2 d5 5. e5 Nfd7 6. Be3 c5 7. c3 Nc6 8. Bd3 a6 9. Ne2 b5 10. a3 Qb6 11. O-O O-O 12. f4 Bb7 13. Kh1 Rac8 14. Qe1 f6 15. Qg3 f5 16. Qh3 Bd8 17. g4 Ne7 18. Rg1 Kh8 19. Ng3 Nxe5 20. fxe5 g6 21. Qh6 Bc7 22. gxf5 exf5 23. Bg5 Ng8 24. Qh4 Bxe5 25. dxe5 d4+ 26. Be4 fxe4 27. Ndxe4 dxc3 28. bxc3 Rce8 29. Rgf1 Qc6 30. Kg1 c4 31. Rxf8 Rxf8 32. Rf1 Qb6+ 33. Kg2 Rxf1 34. Kxf1 Qc6 35. Bf6+ Nxf6 36. Qxf6+ Qxf6+ 37. Nxf6 Kg7 38. Ke2 1-0

[Event "December 5 Late 2023"]
[Site "https://www.chess.com"]
[Date "2023.12.05"]
[Round "4"]
[White "Sailer, Mike"]
[Black "Titus, Andrew"]
[Result "1/2-1/2"]
[Board "163"]
[TimeControl "180+1"]
[WhiteFideId "2012901"]
[BlackFideId "2059770"]
[WhiteElo "2043"]
[BlackElo "2592"]
[WhiteTeam "USA"]
[BlackTeam "USA"]
[WhiteClock "0:00:07"]
[BlackClock "0:00:02"]

1. d4 d5 2. Bf4 Nf6 3. e3 e6 4. Nf3 Bd6 5. Ne5 c5 6. Nc3 O-O 7. Be2 a6 8. O-O Qc7 9. Bg3 Ne4 10. Nxe4 dxe4 11. Nc4 Bxg3 12. hxg3 b5 13. Nd2 Bb7 14. dxc5 Qxc5 15. Nb3 Qc7 16. c3 Rd8 17. Qc2 Nd7 18. Nd4 Ne5 19. a4 b4 20. cxb4 Qxc2 21. Nxc2 Rd2 22. Nd4 Rxb2 23. b5 a5 24. Rfc1 Bd5 25. Rc7 g6 26. Rac1 Kg7 27. Rc8 Ra7 28. R1c7 Rxc7 29. Rxc7 Rb4 30. Bf1 Rxa4 31. b6 Rb4 32. Nb5 Bc6 33. b7 Bxb7 34. Rxb7 a4 35. Nd6 Rxb7 36. Nxb7 a3 37. Nc5 a2 38. Nb3 Nd7 39. Bc4 Nb6 40. Bb5 Nd5 41. Na1 Nc3 42. Bc4 Kf6 43. Kf1 Ke5 44. Ke1 Kd6 45. Kd2 Nb1+ 46. Kc2 Na3+ 47. Kc3 Kc5 48. Bxa2 Nb5+ 49. Kd2 Kb4 50. Nc2+ Ka4 51. Bc4 Nd6 52. Ba6 Ka5 53. Be2 e5 54. f3 f5 55. f4 exf4 56. gxf4 Kb6 57. Nd4 Kc5 58. Kc3 Kd5 59. Bd1 h6 60. Bb3+ Kc5 61. Bg8 g5 62. Bh7 gxf4 63. exf4 e3 64. Bxf5 e2 65. Nxe2 Nxf5 66. g4 Ne3 67. Kd3 Nxg4 68. Ke4 Kd6 69. Kf5 Ne3+ 70. Kg6 Ke6 71. Kxh6 Kf5 72. Kh5 Nd5 73. Kh4 Nxf4 1/2-1/2